 Dungeon Crawl Stone Soup version 0.29.1-1-gd02db6906a (webtiles) character file.

Game seed: 15502355635903380609

46 anonymouscript the Trooper (level 3, 0/29 HPs)
             Began as a Demonspawn Chaos Knight on Oct 18, 2022.
             Was a Plaything of Xom.
             Slain by a quasit (1 damage)
             ... summoned by Xom
             ... on level 1 of the Dungeon on Oct 21, 2022.
             The game lasted 00:06:21 (2282 turns).

anonymouscript the Trooper (DsCK)                   Turns: 2282, Time: 00:06:22

Health: 0/29       AC:  7    Str:  9 (12) XL:     3   Next: 44%
Magic:  3/3        EV: 11    Int: 13 (15) God:    Xom [*.....]
Gold:   79         SH:  0    Dex:  7 (14) Spells: 2/2 levels left

rFire   . . .      SeeInvis .   a - +0 short sword (chaos)
rCold   . . .      Faith    .   (no shield)
rNeg    . . .      Spirit   .   b - +2 leather armour
rPois   .          Reflect  .   (no helmet)
rElec   .          Harm     .   e - +0 cloak
rCorr   .          Rampage  .   (no gloves)
Will    .....                   i - +0 pair of boots
Stlth   +.........              (no amulet)
HPRegen 0.09/turn               (no ring)
MPRegen 0.08/turn               (no ring)

@: about to teleport
A: powered by pain 1, big brain 1, mutation resistance 1
a: Renounce Religion


You were on level 1 of the Dungeon.
You worshipped Xom.
You were a special plaything of Xom.
You visited 1 branch of the dungeon, and saw 2 of its levels.

You collected 79 gold pieces.

Inventory:

Hand Weapons
 a - a +0 short sword of chaos (weapon)
Missiles
 h - 2 poisoned darts
Armour
 b - a +2 leather armour (worn)
 e - a +0 cloak (worn)
 i - a +0 pair of boots (worn)
Scrolls
 d - a scroll of fog {unknown}
 f - a scroll of fear {unknown}
 k - 2 scrolls of identify {unknown}
 l - a scroll of magic mapping {unknown}
 o - a scroll of enchant weapon {unknown}
 p - a scroll of torment {unknown}
Potions
 n - a potion of mutation
Miscellaneous
 c - a piece from Xom's chessboard (11/15) (quivered)


   Skills:
 + Level 3.5 Fighting
 + Level 3.3 Short Blades
 + Level 2.0 Armour
 + Level 1.0 Dodging
 + Level 0.7 Stealth


You had 2 spell levels left.
You didn't know any spells.
Your spell library was empty.

Dungeon Overview and Level Annotations

Branches:
Dungeon (2/15)

Altars:


Innate Abilities, Weirdness & Mutations

You sometimes gain a little power by taking damage.
You have an unusually large brain. (Int +2)
You are somewhat resistant to further mutation.


Message History

You feel clumsy. The quasit barely misses you.
You make a move on Xom's chessboard...
The iron imp appears confused.
The quasit bites you but does no damage.
The quasit closely misses you. The quasit claws you.
* * * LOW HITPOINT WARNING * * *
The quasit barely misses you. The quasit claws you.
* * * LOW HITPOINT WARNING * * *
The quasit claws you.
* * * LOW HITPOINT WARNING * * *
It was a potion of degeneration.
There was something very wrong with that liquid.
You feel weakened.
You feel dopey.
You feel clumsy.
Xom thinks this is hilarious!
The quasit bites you.
* * * LOW HITPOINT WARNING * * *
You feel clumsy. The quasit closely misses you. The quasit barely misses you.
The quasit bites you.
* * * LOW HITPOINT WARNING * * *
The quasit claws you but does no damage.
The quasit barely misses you.
The iron imp misses the quasit.
The iron imp hits itself.
It was a potion of curing.
You feel better.
Xom roars with laughter!
The quasit bites you but does no damage.
The quasit claws you but does no damage. x2
The quasit bites you.
* * * LOW HITPOINT WARNING * * *
The quasit claws you.
* * * LOW HITPOINT WARNING * * *
You feel clumsy. The quasit claws you.
* * * LOW HITPOINT WARNING * * *
You feel clumsy.
As you read the scroll labelled HATEVV VETSAPAA, it crumbles to dust.
You feel strangely unstable.
It was a scroll of teleportation.
The quasit bites you.
You die... "This toy is broken."

##.........##
#..##............. #
##.......##
##.##....##.####..# ##
##.....##
##..#.###.##.# #..#
.## ##...## ##..##.#
#....####.># ..##
##.##
##..###.###.##...#####
#..## #.# ##..##
#.....######
##..###.###..###
###.###
###...#.#...##5###♣♣♣♣
#####.....###.>5@♣♣.P♣
#.####.#####..##♣.P.♣
##.# #.# #...♣♣♣♣..♣
##.# #.####.#♣♣♣..♣♣♣
.#.# #.#.....♣P..PP♣
♣P.÷. ...#
#.#.###.5..♣..♣♣♣
#♣.... ..## #.#.#
##♣♣♣♣♣..P♣ P...§ ###
#...# #.♣ ♣♣♣)♣♣####
..K. # ###.#
#.####♣P.♣...#


KKK You could see an iron imp (summoned, confused) and a quasit (summoned, fast,
strong).

Vanquished Creatures
  An adder (D:2)
  A worm (D:2)
  2 dart slugs (D:1)
  An endoplasm (D:2)
  3 hobgoblins
  5 jackals
  3 ball pythons
  4 frilled lizards
  4 goblins
  3 kobolds
  4 rats
31 creatures vanquished.

Vanquished Creatures (others)
  A fungus (D:1)
  14 plants (D:1)
15 creatures vanquished.

Grand Total: 46 creatures vanquished

Notes
Turn   | Place    | Note
-------+----------+-------------------------------------------
     0 | D:1      | anonymouscript the Demonspawn Chaos Knight began the quest
                  | for the Orb.
     0 | D:1      | Reached XP level 1. HP: 18/18 MP: 1/1
    13 | D:1      | Reached skill level 1 in Dodging
    33 | D:1      | Found a faded altar of an unknown god.
   145 | D:1      | Gained mutation: You sometimes gain a little power by
                  | taking damage. [demonic ancestry]
   145 | D:1      | Reached XP level 2. HP: 19/24 MP: 2/2
   871 | D:2      | XOM: 1-stop teleportation journey
   899 | D:2      | Gained mutation: You have an unusually large brain. (Int
                  | +2) [demonic ancestry]
   899 | D:2      | Reached XP level 3. HP: 29/29 MP: 3/3
  1579 | D:1      | XOM: silly message
  1584 | D:1      | XOM: silly message
  1783 | D:1      | XOM: polymorph jackal -> frilled lizard
  2186 | D:1      | XOM: 2-stop teleportation journey
  2268 | D:1      | XOM: summons 2 hostile demons
  2278 | D:1      | Gained mutation: You sometimes lose your temper in combat.
                  | [potion of mutation]
  2278 | D:1      | Lost mutation: You sometimes lose your temper in combat.
                  | [potion of mutation]
  2278 | D:1      | Gained mutation: You are somewhat resistant to further
                  | mutation. [potion of mutation]
  2280 | D:1      | HP: 1/29 [quasit[Xom] (1)]
  2282 | D:1      | Slain by a quasit

Illustrated notes

Levels and vault maps discovered:
D:1:      dpeg_arrival_central, layout_loops_ring,
          shapermc_ecumenical_altar_mp_urbaneastern, serial_forest,
          infiniplex_forest_zigzag_1, infiniplex_forest_lined_room_3,
          infiniplex_forest_join, infiniplex_forest_clump_small,
          infiniplex_forest_join, infiniplex_forest_end_2,
          infiniplex_forest_lined_3, infiniplex_forest_clump_long,
          lexackson_kobold_supper
D:2:      layout_loops_corners

Skill      XL: |  1  2  3 |
---------------+----------+-----
Dodging        | 1 |  1.0
Short Blades   | 3 |  3.3
Armour         | 2 |  2.0
Fighting       | |  3.5
Stealth        | |  0.7

Action                   || total
-------------------------++-------
Melee: Short sword       ||   111
       Punch             ||     5
Evoke: Piece from Xom's  ||     6
  Use: Potion            ||     3
       Scroll            ||     1
 Stab: Sleeping          ||     2
       Confused          ||     1
Armor: Leather armour    ||    71
Dodge: Dodged            ||    70
